 Dungeon Crawl Stone Soup version 0.32-a0-666-ge8a88695a4 (webtiles) character file.

Game seed: 2833665376626918350

163 Fodor the Covered (level 5, 0/46 HPs)
             Began as a Minotaur Fighter on Mar 10, 2024.
             Slain by a gnoll
             ... wielding a +0 spear
              (4 damage)
             ... on level 4 of the Dungeon.
             The game lasted 00:08:34 (1728 turns).

Fodor the Covered (Minotaur Fighter)                Turns: 1728, Time: 00:08:35

Health: 0/46       AC:  9    Str: 23    XL:     5   Next: 20%
Magic:  4/4        EV:  8    Int:  5    God:
Gold:   77         SH:  4    Dex:  9    Spells: 4/4 levels left

rFire   + . .        a - +0 war axe
rCold   + . .        c - +0 buckler
rNeg    . . .        b - +0 chain mail
rPois   +            (helmet restricted)
rElec   +            (no cloak)
rCorr   +            (no gloves)
SInv    .            (no boots)
Will    ++...        (no amulet) Stlth
                     i - ring of willpower
HPRegen 0.27/turn    e - ring of willpower
MPRegen 0.09/turn

%: no passive effects
@: resistant
A: horns 2, retaliatory headbutt
a: no special abilities


You were on level 4 of the Dungeon.
You visited 1 branch of the dungeon, and saw 4 of its levels.

You collected 77 gold pieces.

Inventory:

Hand Weapons
 a - a +0 war axe (weapon)
 m - a +0 sling
Armour
 b - a +0 chain mail (worn)
 c - a +0 buckler (worn)
Jewellery
 e - a ring of willpower (right hand)
 i - a ring of willpower (left hand)
 l - a ring of positive energy
Wands
 r - a wand of acid (6)
Scrolls
 f - 5 scrolls of identify {unknown}
 g - a scroll of blinking {unknown}
 h - a scroll of fear {unknown}
 j - a scroll of teleportation {unknown}
 k - 2 scrolls of immolation {unknown}
 p - a scroll of amnesia {unknown}
 q - a scroll of enchant armour {unknown}
Potions
 d - 2 potions of might
 o - a potion of heal wounds


   Skills:
 + Level 4.2 Fighting
 + Level 3.9 Axes
 + Level 1.3 Ranged Weapons
 + Level 5.0 Armour
 + Level 0.2 Dodging
 + Level 0.1 Stealth
 + Level 4.4 Shields


You had 4 spell levels left.
You didn't know any spells.
Your spell library contained the following spells:

 Spells                   Type           Power      Damage    Failure   Level
 Call Canine Familiar     Summ           0%         N/A       100%        3
 Ozocubu's Armour         Ice            0%         N/A       100%        3
 Sigil of Binding         Hex            0%         N/A       100%        3
 Dimensional Bullseye     Hex/Tloc       0%         N/A       100%        4
 Metabolic Englaciation   Hex/Ice        0%         N/A       100%        5
 Sculpt Simulacrum        Ice/Alch       0%         N/A       100%        6
 Chain Lightning          Conj/Air       0%         N/A       100%        9
 Fire Storm               Conj/Fire      0%         5d1       100%        9
 Shatter                  Erth           0%         3d5*      100%        9


Dungeon Overview and Level Annotations

Branches:
Dungeon (4/15)
 Temple: D:4-7

Altars:


Innate Abilities, Weirdness & Mutations

You have a pair of horns on your head.
You reflexively headbutt those who attack you in melee.


Message History

You barely miss the kobold. The kobold hits you but does no damage.
Your Armour skill increases to level 5!
You closely miss the kobold. You barely miss the hobgoblin.
A gnoll comes into view. It is wielding a +0 halberd.
You block the hobgoblin's attack. You block the kobold's attack.
The hobgoblin hits you. The kobold hits you but does no damage.
You hit the kobold but do no damage. Your headbutt misses the kobold.
You hit the hobgoblin but do no damage. The hobgoblin closely misses you.
The kobold hits you but does no damage.
You slash the kobold!
You kill the kobold!
You closely miss the hobgoblin. You block the hobgoblin's attack.
The gnoll hits you but does no damage. The gnoll hits you with a +0 halberd.
The hobgoblin hits you but does no damage.
Things that are here:
a +0 whip; 4 stones You block the hobgoblin's attack.
A gnoll comes into view. It is wielding a +0 spear.
The gnoll hits you from afar with a +0 halberd!
The gnoll hits you from afar with a +0 halberd.
The hobgoblin hits you.
The gnoll hits you from afar with a +0 spear.
* * * LOW HITPOINT WARNING * * *
The hobgoblin hits you.
* * * LOW HITPOINT WARNING * * *
The gnoll hits you but does no damage.
You closely miss the gnoll. You headbutt the gnoll.
The gnoll is moderately wounded.
You hit the hobgoblin. You block the gnoll's attack.
The gnoll hits you but does no damage. The hobgoblin barely misses you. x2
You furiously retaliate!
You headbutt the hobgoblin. The gnoll hits you with a +0 halberd!
* * * LOW HITPOINT WARNING * * *
The gnoll barely misses you.
You barely miss the gnoll. Your headbutt misses the gnoll.
The gnoll is moderately wounded.
You barely miss the hobgoblin.
The gnoll hits you from afar with a +0 spear.
You die...

#.......# ...
#.......# ...
#.......# ....
#.......#...
.....#...[...#....
.....#.......#....
.....g.......+....
#.......#...#######
#.@g....#...#......
#.)g....#...#......
#.......#...'......
#.......#...#......
+.......#...#†.....
#.......'...#......
#.......#...#....).
#.......#+###......
#..................


You could see 2 gnolls and a hobgoblin.

Vanquished Creatures
  A bombardier beetle (D:4)
  A gnoll (D:4)
  2 adders
  2 dart slugs
  2 ribbon worms
  7 orcs (D:3)
  5 ball pythons
  8 bats
  3 endoplasms (D:1)
  3 giant cockroaches
  7 goblins
  4 hobgoblins
  10 jackals
  3 quokkas
  4 frilled lizards
  10 kobolds
  9 rats
81 creatures vanquished.

Notes
Turn   | Place    | Note
-------+----------+-------------------------------------------
     0 | D:1      | Fodor the Minotaur Fighter began the quest for the Orb.
     0 | D:1      | Reached XP level 1. HP: 19/19 MP: 0/0
    63 | D:1      | Reached XP level 2. HP: 27/27 MP: 1/1
   223 | D:1      | Reached skill level 4 in Armour
   621 | D:2      | Reached XP level 3. HP: 33/33 MP: 2/2
  1182 | D:3      | Reached XP level 4. HP: 40/40 MP: 3/3
  1548 | D:3      | Reached skill level 1 in Ranged Weapons
  1693 | D:4      | Reached XP level 5. HP: 41/46 MP: 4/4
  1719 | D:4      | Reached skill level 5 in Armour
  1728 | D:4      | Slain by a gnoll

Illustrated notes

Levels and vault maps discovered:
D:1:      dpeg_arrival_tiny_g, layout_basic, kennysheep_boxes
D:2:      layout_rooms, chequers_serial_rivers_room_a
D:3:      layout_rooms
D:4:      layout_gridville, serial_shops, nicolae_shop_just_a_little_nook

Skill      XL: |  1  2  3  4  5 |
---------------+----------------+-----
Fighting       | 4 |  4.2
Armour         | 4 5 |  5.0
Shields        | 4 |  4.4
Axes           | 3 |  3.9
Ranged Weapons | 1 |  1.3
Dodging        | |  0.2
Stealth        | |  0.1

Action                     |  1- 3 |  4- 6 || total
---------------------------+-------+-------++-------
  Melee: War axe           |    94 |    66 ||   160
         Headbutt          |    18 |    15 ||    33
   Fire: Sling             |       |    14 ||    14
    Use: Potion            |       |     2 ||     2
 Armour: Scale mail        |    40 |       ||    40
         Chain mail        |    50 |    74 ||   124
  Dodge: Dodged            |    51 |    33 ||    84
  Block: Buckler           |    21 |    20 ||    41

Table legend: (Time is in decaauts)
 A = Elapsed time spent in this place.
 B = Non-inter-level travel time spent in this place.
 C = Inter-level travel time spent in this place.
 D = Time resting spent in this place.
 E = Time spent auto-exploring this place.
 F = Levels seen in this place.
 G = Mean time per level.
                   A        B        C        D        E       F      G
               +--------+--------+--------+--------+--------+-----+--------+
         Total |   1791 |   1776 |     15 |    105 |    906 |   4 |  447.8 |
       Dungeon |   1791 |   1776 |     15 |    105 |    906 |   4 |  447.8 |
               +--------+--------+--------+--------+--------+-----+--------+

Top non-repeatable levels by time:
     D:1: 634 daAuts
     D:2: 579 daAuts
     D:3: 521 daAuts
     D:4: 55 daAuts
